 Dungeon Crawl Stone Soup version 0.22-a0-252-gcace5d2 (webtiles) character file.

2 Amnesiac the Ducker (level 1, -2/11 HPs)
             Began as a Spriggan Fighter on Mar 2, 2018.
             Killed from afar by a dart slug (5 damage)
             ... with a slug dart
             ... on level 1 of the Dungeon.
             The game lasted 00:00:32 (40 turns).

Amnesiac the Ducker (Spriggan Fighter)                Turns: 40, Time: 00:00:32

Health: -2/11      AC:  2    Str: 12    XL:     1   Next: 25%
Magic:  2/2        EV: 19    Int:  9    God:
Gold:   0          SH:  6    Dex: 15    Spells: 0/0 levels left

rFire    . . .     SeeInvis +   a - +0 long sword
rCold    . . .     Gourm    .   c - +0 buckler
rNeg     . . .     Faith    .   b - +0 robe
rPois    .         Spirit   .   (helmet restricted)
rElec    .         Reflect  .   (no cloak)
rCorr    .         Harm     .   (gloves unavailable)
MR       .....                  (boots unavailable)
Stlth    +.........             (no amulet)
HPRegen  0.03/turn              (no ring)
MPRegen  0.08/turn              (no ring)

@: very quick
A: very small, unfitting armour, see invisible, herbivore, speed 3, slow
metabolism 2
a: no special abilities


You were on level 1 of the Dungeon.
You were not hungry.

You visited 1 branch of the dungeon, and saw 1 of its levels.

Inventory:

Hand Weapons
 a - a +0 long sword (weapon)
Armour
 b - a +0 robe (worn)
 c - a +0 buckler (worn)
Potions
 d - a potion of might {!q}
Comestibles
 f - a ration


   Skills:
 - Level 2.4 Fighting
 + Level 1.7 Long Blades
 - Level 4.4 Dodging
 - Level 2.1 Shields


You couldn't memorise any spells.
You didn't know any spells.

Dungeon Overview and Level Annotations

Branches:
Dungeon (1/15)

Altars:


Innate Abilities, Weirdness & Mutations

You are very small and have problems with some larger weapons.
You are too small for most types of armour.
You have supernaturally acute eyesight. (SInv)
You are a herbivore.
You cover ground extremely quickly.
You need consume almost no food.


Message History

Welcome, Amnesiac the Spriggan Fighter.
Will you be the one to retrieve the fabulous Orb of Zot from the depths?
Press ? for a list of commands and other information.
Found a whip.
Found a staircase leading out of the dungeon.
Found an escape hatch in the floor.
A kobold and a dart slug come into view.
Found a dark potion.
A goblin comes into view. It is wielding a club.
The kobold shouts!
Found a stone staircase leading down.
The goblin shouts!
You hit the dart slug.
The dart slug is lightly wounded.
You block the dart slug's attack.
You hit the dart slug but do no damage.
The dart slug is lightly wounded.
The kobold misses you.
You riposte.
You completely miss the kobold. The dart slug misses you.
You riposte.
You slash the dart slug!
The dart slug is almost dead.
You hit the kobold but do no damage. The kobold hits you with a whip.
The teleport trap disappears.
The dart slug disappears!
You barely miss the kobold. The kobold hits you but does no damage.
You hit the kobold but do no damage. The kobold misses you.
You riposte.
You closely miss the kobold. The kobold completely misses you.
You barely miss the kobold. The kobold misses you.
You riposte.
You hit the kobold.
You kill the kobold!
You closely miss the goblin. The goblin closely misses you.
Your shield prevents you from hitting the goblin.
The goblin misses you.
You riposte.
You closely miss the goblin. You hit the goblin.
You kill the goblin!
Things that are here:
a club; a whip; a goblin corpse You start resting.
A rat comes into view.
The dart slug launches a dart at you. The slug dart hits you!
* * * LOW HITPOINT WARNING * * *
You hit the dart slug but do no damage.
The dart slug is almost dead.
The dart slug launches a dart at you. The slug dart hits you!
You die...

................#
#...............#
#...............#
#...............#
#.............#
##.....?.....#
#.##..........!.#
#...w@....).....#
.....##.#...#.....#
### #.#.#.#....>#
..#...#.....#
##.#.#.#.....#
#.#...#.....#
#.#.#.#.....#
.r#...#.....# #.>.#


You could see a dart slug and a rat (sleeping).

Vanquished Creatures
  A goblin (D:1)
  A kobold (D:1)
2 creatures vanquished.

Notes
Turn   | Place    | Note
-------+----------+-------------------------------------------
     0 | D:1      | Amnesiac the Spriggan Fighter began the quest for the Orb.
     0 | D:1      | Reached XP level 1. HP: 11/11 MP: 2/2
    40 | D:1      | Killed from afar by a dart slug

Vault maps used:
D:1:      lemuel_arrival_hallway, wad_floor_pattern_untrapped,
          grunt_decor_resistance

Action                   || total
-------------------------++-------
Melee: Long sword        ||    10
Armor: Robe              ||     1
Dodge: Dodged            ||     7
Block: Buckler           ||     1
       Rpst.: Long sword ||     5

Table legend:
 A = Spawn XP
 B = Non-spawn XP
 C = Spawn XP percentage of total XP
 D = Spawn monster count
 E = Non-spawn monster count
 F = Spawn count percentage of total count
 G = Total turns spent on level
                    A         B        C        D         E        F      G
               +---------+---------+-------+---------+---------+-------+---------
         Total |       0 |       3 |   0.0 |       0 |       2 |   0.0 |    40
               +---------+---------+-------+---------+---------+-------+---------
           D:1 |       0 |       3 |   0.0 |       0 |       2 |   0.0 |    40
               +---------+---------+-------+---------+---------+-------+---------
